 Dungeon Crawl Stone Soup version 0.31-a0-691-g409c26aa35 (webtiles) character file.

Game seed: 10562390311917756210

1619 Xavori the Covert (level 8, -2/44 (49) HPs)
             Began as an Octopode Chaos Knight on Sept 7, 2023.
             Was a Plaything of Xom.
             Slain by a wight
             ... wielding a +3 great sword of freezing
              (9 damage)
             ... on level 5 of the Dungeon.
             The game lasted 00:08:10 (13151 turns).

Xavori the Covert (Octopode Chaos Knight)          Turns: 13151, Time: 00:08:10

HP:   -2/44 (49)    AC:  3    Str: 25    XL:     8   Next: 96%
MP:   7/7           EV: 13    Int: 28    God:    Xom [...*..]
Gold: 1050          SH:  0    Dex:  6    Spells: 7/7 levels left

rFire   + . .        h - +2 short sword (speed)
rCold   . . .        (no shield)
rNeg    . . .        (helmet restricted)
rPois   .            (no amulet)
rElec   .            d - +6 ring of intelligence
rCorr   .            g - +6 ring of strength
SInv    .            i - ring of Foolhardiness {Fly Str+6}
Will    ++...        (no ring)
Stlth   +++++        (no ring)
HPRegen 0.27/turn    (no ring)
MPRegen 0.10/turn    (no ring)
                     (no ring)

%: no passive effects
@: attractive, flying, studying 2 skills, heavily drained
A: almost no armour, amphibious, 8 rings, camouflage 1, gelatinous body 1,
(nimble swimmer 1), tentacles, antennae 1, tentacle spike 3, iridescent scales
1, clever 2, clumsy 2, deterioration 1, fire resistance 1, frail 1, low MP 1,
strong-willed 2, passive freeze, strong 1, evolution 1, inability to read after
injury 1, MP-powered wands
a: Renounce Religion


You were on level 5 of the Dungeon.
You worshipped Xom.
You were a favourite toy of Xom.
You visited 1 branch of the dungeon, and saw 7 of its levels.
You also visited: Sewer.

You collected 1050 gold pieces.

Inventory:

Hand Weapons
 a - a +0 short sword of chaos
 h - a +2 short sword of speed (weapon)
Missiles
 o - 3 curare-tipped darts (quivered)
Jewellery
 d - a +6 ring of intelligence (left tentacle)
 g - a +6 ring of strength (right tentacle)
 i - the ring of Foolhardiness (on tentacle) {Fly Str+6}
   (Xom gifted it to you on level 4 of the Dungeon)

   [ring of flight]

   Str+6:     It affects your strength (+6).
   Fly:       It grants you flight.
Wands
 k - a wand of quicksilver (4)
 w - a wand of paralysis (9)
 A - a wand of flame (15)
Scrolls
 b - a scroll of butterflies
 e - 2 scrolls of summoning {unknown}
 f - a scroll of silence {unknown}
 l - a scroll of enchant weapon {unknown}
 m - a scroll of amnesia {unknown}
 s - a scroll of enchant armour {unknown}
 u - a scroll of poison {unknown}
 v - a scroll of fog
 x - 2 scrolls of immolation {unknown}
 y - a scroll of vulnerability
Potions
 c - 2 potions of brilliance
 j - 3 potions of enlightenment
 n - 3 potions of ambrosia
 p - 5 potions of curing
 q - a potion of heal wounds {unknown}
 r - a potion of mutation {unknown}
 t - 3 potions of magic
 z - a potion of resistance {unknown}
 B - a potion of attraction {unknown}


   Skills:
 + Level 5.1 Fighting
 + Level 6.7 Short Blades
 + Level 4.9 Dodging
 + Level 10.2 Stealth
 * Level 1.3 Evocations


You had 7 spell levels left.
You didn't know any spells.
Your spell library contained the following spells:

 Spells                   Type           Power      Damage    Failure   Level
 Apportation              Tloc           0%         N/A       11%         1
 Necrotise                Necr           0%         1d4       11%         1
 Summon Small Mammal      Summ           0%         N/A       11%         1
 Sublimation of Blood     Necr           0%         N/A       17%         2
 Wereblood                Tmut           0%         N/A       17%         2
 Vampiric Draining        Necr           0%         2d6       32%         3
 Agony                    Necr           0%         N/A       97%         5
 Summon Hydra             Summ           0%         N/A       100%        7


Dungeon Overview and Level Annotations

Branches:
Dungeon (7/15)             Temple (0/1) D:4           Sewer (visited)

Altars:
Fedhas
Sif Muna
Xom

Shops:
D:3 [

Annotations:
D:6 Dowan, Duvessa, Edmund, Grinder, Pikel


Innate Abilities, Weirdness & Mutations

You cannot wear most types of armour.
You are amphibious.
You can wear up to eight rings at the same time.
Your skin changes colour to match your surroundings (Stealth+).
Your rubbery body absorbs attacks. (AC +1, EV +1)
((You are camouflaged when in or above water. (Stealth+)))
You have tentacles for arms and can constrict up to eight enemies at once.
You have a pair of small antennae on your head.
One of your tentacles bears a large vicious spike.
You are partially covered in iridescent scales. (AC +2)
Your mind is very acute. (Int +8, Str/Dex -2)
You are very clumsy. (Dex -4)
Your body sometimes deteriorates upon taking damage.
Your flesh is heat resistant. (rF+)
You are frail. (-10% HP)
Your magical capacity is low. (-10% MP)
You are highly strong-willed. (Will++)
A frigid envelope surrounds you and freezes all who hurt you.
Your muscles are strong. (Str +4, Int/Dex -1)
You have hidden genetic potential.
You occasionally lose the ability to read scrolls when taking damage.
You expend magic power (3 MP) to strengthen your wands.


Message History

HP restored.
There is a stone staircase leading down here.
You fly downwards.
Level annotation: Dowan, Duvessa, Edmund, Grinder, Pikel The jelly closely misses you.
The wight barely misses you.
A sky beast comes into view.
The wight misses you.
There is a stone staircase leading up here. "Go forth and destroy!"
You feel attractive to monsters. The jelly barely misses you.
The wight hits you with a +3 great sword of freezing.
The wight freezes you.
The wight completely resists.
The wight hits you with a +3 short sword!
You feel drained.
The wight completely resists.
The wight is attracted toward you. Duvessa is attracted toward you.
You fly upwards.
There is a stone staircase leading down here.
Unknown command.
The jelly hits you but does no damage.
The jelly is very cold.
The jelly is heavily wounded.
The wight hits you with a +3 great sword of freezing!!
* * * LOW HITPOINT WARNING * * *
A shower of butterflies erupts from you!
You feel drained.
* * * LOW HITPOINT WARNING * * *
The wight freezes you.
* * * LOW HITPOINT WARNING * * *
The wight resists.
The wight is very cold.
The wight is lightly damaged.
The jelly misses your butterfly.
The wight hits your butterfly with a +3 short sword!
Your butterfly dies!
Your butterfly degenerates into a cloud of primal chaos!
The wight is attracted toward you.
You barely miss the wight. Your grab misses the wight.
The wight is lightly damaged.
The wight hits you with a +3 great sword of freezing!
You die...
Xom chuckles heartily!

##.~~~~~~##.#.##.................
#~#######~#...#....#.............
#~##~~~~#~###.....#..###.#.#.###.
#~#~###†#~#......b.....#.#.#.#.#.
#.##~.#~#~####....##.###.###.#.#.
#~#####~#~# #...J...............
##~~~.~##.####.z§{b........).....
.########.#....z##...###.###[###.
#.~~~.~~~##.....@##....#.#.#[).#.
##########.......#...###.#.#.###.
#########........................
.............b<.###.............#
#########.......# #.............#
#.......# #.............#
######### #.............#
#######...##### #...#


You could see 2 wights.

Vanquished Creatures
  Sigmund (D:5)
  A steam dragon (D:5)
  An ice beast (D:5)
  A black bear (D:6)
  An ogre (D:4)
  A kobold brigand (Sewer)
  A bullfrog (D:7)
  A scorpion (D:4)
  A wight (D:5)
  A howler monkey (D:2)
  4 jellies (D:5)
  3 hounds
  A sleepcap (D:4)
  2 iguanas (D:5)
  2 orc wizards (D:5)
  4 adders
  9 gnolls
  3 river rats
  An ufetubus (D:5)
  4 worms
  3 dart slugs
  8 orcs
  7 ball pythons
  10 bats
  9 endoplasms
  8 giant cockroaches
  5 goblins
  7 hobgoblins
  3 jackals
  9 kobolds
  9 quokkas
  2 frilled lizards (D:3)
  11 rats
134 creatures vanquished.

Vanquished Creatures (collateral kills)
  An ice beast (D:5)
  A scorpion (D:5)
  2 gnolls (D:3)
  2 worms (D:3)
6 creatures vanquished.

Grand Total: 140 creatures vanquished

Notes
Turn   | Place    | Note
-------+----------+-------------------------------------------
     0 | D:1      | Xavori the Octopode Chaos Knight began the quest for the
                  | Orb.
     0 | D:1      | Reached XP level 1. HP: 16/16 MP: 1/1
    79 | D:1      | XOM: silly message
   159 | D:1      | XOM: give mutation
   159 | D:1      | Gained mutation: You possess an exceptional clarity of
                  | mind. [Xom's grace]
   204 | D:1      | Reached XP level 2. HP: 20/21 MP: 2/2
   364 | D:1      | XOM: scenery: summon butterflies
   693 | D:1      | XOM: give mutation
   693 | D:1      | Gained mutation: You are agile. (Dex +4, Str/Int -1) [Xom's
                  | grace]
   696 | D:1      | Reached XP level 3. HP: 26/26 MP: 3/3
  1241 | D:1      | XOM: give mutations
  1241 | D:1      | Gained mutation: Your flesh is heat resistant. (rF+) [Xom's
                  | mischief]
  1241 | D:1      | Lost mutation: You are agile. (Dex +4, Str/Int -1) [Xom's
                  | mischief]
  1241 | D:1      | Gained mutation: One of your tentacles bears a spike.
                  | [Xom's mischief]
  1263 | D:1      | XOM: give mutations
  1263 | D:1      | Gained mutation: Your mind is acute. (Int +4, Str/Dex -1)
                  | [Xom's mischief]
  1263 | D:1      | Lost mutation: Your flesh is heat resistant. (rF+) [Xom's
                  | mischief]
  1263 | D:1      | Gained mutation: You are frail. (-10% HP) [Xom's mischief]
  1263 | D:1      | Gained mutation: You occasionally lose the ability to read
                  | scrolls when taking damage. [Xom's mischief]
  1453 | D:1      | XOM: draining
  1834 | D:1      | XOM: silly message
  1893 | D:1      | XOM: summons 2 hostile shadow creatures
  2243 | D:1      | XOM: give mutation
  2243 | D:1      | Gained mutation: A frigid envelope surrounds you and
                  | freezes all who hurt you. [Xom's mischief]
  2588 | D:1      | XOM is BORED!
  3123 | D:1      | XOM: give mutations
  3123 | D:1      | Lost mutation: You occasionally lose the ability to read
                  | scrolls when taking damage. [Xom's mischief]
  3123 | D:1      | Gained mutation: Your muscles are strong. (Str +4, Int/Dex
                  | -1) [Xom's mischief]
  3123 | D:1      | Gained mutation: You have hidden genetic defects. [Xom's
                  | mischief]
  3123 | D:1      | Lost mutation: You possess an exceptional clarity of mind.
                  | [Xom's mischief]
  3379 | D:1      | XOM: summons 2 hostile demons
  3532 | D:2      | XOM: 1-stop teleportation journey
  3560 | D:1      | Gained mutation: You are clumsy. (Dex -2) [hidden defects]
  3787 | D:1      | XOM: scenery: summon butterflies
  3955 | D:1      | XOM: torment (11/20 hp)
  4418 | D:1      | XOM: scenery: create altars
  5341 | D:1      | XOM is BORED!
  5341 | D:1      | XOM: give mutations
  5341 | D:1      | Gained mutation: You sometimes lose your temper in combat.
                  | [Xom's mischief]
  5341 | D:1      | Gained mutation: Your body sometimes deteriorates upon
                  | taking damage. [Xom's mischief]
  5640 | D:1      | XOM: god gift: 60 gold pieces
  6374 | D:1      | XOM: god gift: 46 gold pieces
  6554 | D:1      | XOM is BORED!
  6554 | D:1      | XOM: give mutations
  6554 | D:1      | Lost mutation: You sometimes lose your temper in combat.
                  | [Xom's mischief]
  6554 | D:1      | Gained mutation: You have terrible hidden genetic defects.
                  | [Xom's mischief]
  6723 | D:1      | XOM: noise
  8543 | D:1      | XOM: god gift: glowing war axe {god gift}
  8916 | D:1      | XOM: scenery: summon butterflies
  9377 | D:1      | XOM: give mutations
  9377 | D:1      | Gained mutation: Your mind is very acute. (Int +8, Str/Dex
                  | -2) [Xom's grace]
  9377 | D:1      | Gained mutation: You expend magic power (3 MP) to
                  | strengthen your wands. [Xom's grace]
  9377 | D:1      | Gained mutation: You are partially covered in iridescent
                  | scales. (AC +2) [Xom's grace]
  9377 | D:1      | Gained mutation: Your flesh is heat resistant. (rF+) [Xom's
                  | grace]
  9404 | D:2      | Reached skill level 1 in Stealth
  9409 | D:2      | Gained mutation: You occasionally lose the ability to read
                  | scrolls when taking damage. [hidden defects]
  9409 | D:2      | Lost mutation: You have terrible hidden genetic defects.
                  | [hidden defects expressed]
  9413 | D:2      | Reached XP level 4. HP: 21/26 MP: 4/4
  9563 | D:2      | XOM: god gift: 2 blue potions {god gift}
  9570 | D:2      | XOM: god gift: triple sword {god gift}
  9575 | D:2      | XOM: 5-stop teleportation journey
  9596 | D:2      | Noticed Terence
  9600 | D:2      | Terence changed into Terence the howler monkey
  9600 | D:2      | Noticed Terence
  9600 | D:2      | XOM: polymorph Terence -> Terence the howler monkey
  9605 | D:2      | Killed Terence the howler monkey
  9606 | D:2      | Reached skill level 2 in Stealth
  9619 | D:2      | Gained mutation: You are very clumsy. (Dex -4) [hidden
                  | defects]
  9870 | D:3      | Identified a scroll of acquirement
  9872 | D:3      | Acquired a manual of Dodging
  9916 | D:3      | Reached skill level 3 in Stealth
 10008 | D:3      | Reached XP level 5. HP: 28/32 MP: 5/5
 10021 | D:3      | Gained mutation: Your magical capacity is low. (-10% MP)
                  | [hidden defects]
 10021 | D:3      | Lost mutation: You have hidden genetic defects. [hidden
                  | defects expressed]
 10065 | D:3      | XOM: summons friendly iron imp
 10078 | D:3      | Reached skill level 4 in Stealth
 10425 | D:3      | Found Boehost's Armour Shoppe.
 10489 | D:3      | XOM: god gift: 3 silver javelins
 10659 | D:4      | XOM: scenery: 1 doors open
 10669 | D:4      | Reached skill level 5 in Stealth
 10669 | D:4      | Reached XP level 6. HP: 33/38 MP: 5/5
 10746 | D:4      | Reached skill level 6 in Stealth
 10747 | D:4      | XOM: scenery: 1 doors close
 10828 | D:4      | Identified the ring of Foolhardiness {Fly Str+6} (Xom
                  | gifted it to you on level 4 of the Dungeon)
 10828 | D:4      | XOM: god gift: ring of Foolhardiness {Fly Str+6}
 11141 | D:4      | Found a staircase to the Ecumenical Temple.
 11253 | D:4      | You are sucked into a shaft and drop 3 floors!
 11265 | D:7      | Reached skill level 5 in Short Blades
 11265 | D:7      | Reached XP level 7. HP: 39/42 MP: 6/6
 11356 | D:6      | Noticed Edmund
 11376 | D:6      | Reached skill level 7 in Stealth
 11400 | D:6      | Noticed Grinder
 11401 | D:6      | Noticed Pikel
 11405 | D:6      | XOM: confuse monster(s)
 11457 | D:5      | Entered Level 5 of the Dungeon
 11458 | D:5      | Noticed Sigmund
 11474 | D:5      | Killed Sigmund
 11475 | D:5      | Reached skill level 8 in Stealth
 11497 | D:5      | Noticed a steam dragon
 11504 | D:5      | Reached XP level 8. HP: 30/48 MP: 7/7
 11586 | D:5      | Reached skill level 9 in Stealth
 11604 | D:5      | XOM: give mutations
 11604 | D:5      | Gained mutation: You have a pair of small antennae on your
                  | head. [Xom's grace]
 11604 | D:5      | Gained mutation: You are strong-willed. (Will+) [Xom's
                  | grace]
 11604 | D:5      | Gained mutation: You have hidden genetic potential. [Xom's
                  | grace]
 11665 | D:5      | Found a glowing drain.
 11672 | Sewer    | Entered a sewer
 11753 | Sewer    | Found a white marble altar of Elyvilon.
 12235 | D:4      | Found a shimmering blue altar of Sif Muna.
 12250 | D:4      | XOM: god gift: 635 gold pieces
 12530 | D:5      | Found a blossoming altar of Fedhas.
 12578 | D:5      | XOM: give mutations
 12578 | D:5      | Gained mutation: One of your tentacles bears a nasty spike.
                  | [Xom's grace]
 12578 | D:5      | Gained mutation: You are highly strong-willed. (Will++)
                  | [Xom's grace]
 12578 | D:5      | Gained mutation: One of your tentacles bears a large
                  | vicious spike. [Xom's grace]
 12630 | D:5      | XOM: summons 8 friendly demons
 12827 | D:5      | Reached skill level 5 in Fighting
 12833 | D:5      | Reached skill level 10 in Stealth
 13038 | D:6      | Reached skill level 1 in Evocations
 13046 | D:6      | Noticed Duvessa
 13046 | D:6      | Noticed Dowan
 13146 | D:6      | XOM: potion effect (attraction)
 13148 | D:5      | XOM: butterfly on damage
 13151 | D:5      | Slain by a wight

Illustrated notes

Levels and vault maps discovered:
D:1:      saegor_arrival_fortress, layout_basic, serial_corexii_hall,
          chequers_hall_statues_corner_a, chequers_hall_statues_y
D:2:      layout_rooms, uniq_terence
D:3:      layout_basic, serial_shops, nicolae_shop_behind_doors,
          hangedman_decor_growths, nicolae_wormholes
D:4:      layout_gridville, mainiacjoe_overflow_surrounded_room,
          minmay_temple_entry_large_hall
D:5:      layout_rooms, mainiacjoe_overflow_boulevard, gup_sewer_entry_spiral,
          minmay_misc_feat_nine_boxes, uniq_sigmund
D:6:      layout_basic, nicolae_ru_the_path_less_chosen, uniq_grinder,
          uniq_edmund, uniq_duvessa, uniq_pikel
D:7:      layout_gridville, mainiacjoe_overflow_alcove_2,
          minmay_misc_feat_encased

Skill      XL: |  1  2  3  4  5  6  7  8 |
---------------+-------------------------+-----
Stealth        | 1 3 5 6 8 10 | 10.2
Short Blades   | 4 5 6 |  6.7
Dodging        | 3 4 |  4.9
Fighting       | 4 5 |  5.1
Evocations     | 1 |  1.3

Action                     |  1- 3 |  4- 6 |  7- 9 || total
---------------------------+-------+-------+-------++-------
  Melee: Short sword       |    67 |    93 |   123 ||   283
         Constrict         |    21 |    16 |    23 ||    60
         Tentacles         |    10 |    19 |    28 ||    57
         Punch             |     2 |       |     1 ||     3
         Kick              |     3 |    36 |    46 ||    85
    Use: Scroll            |       |     5 |     3 ||     8
         Potion            |       |       |     2 ||     2
   Stab: Sleeping          |     4 |    10 |    13 ||    27
 Armour: Skin              |    20 |    29 |    43 ||    92
  Dodge: Dodged            |    43 |    32 |    33 ||   108

Table legend: (Time is in decaauts)
 A = Elapsed time spent in this place.
 B = Non-inter-level travel time spent in this place.
 C = Inter-level travel time spent in this place.
 D = Time resting spent in this place.
 E = Time spent auto-exploring this place.
 F = Levels seen in this place.
 G = Mean time per level.
                   A        B        C        D        E       F      G
               +--------+--------+--------+--------+--------+-----+--------+
         Total |  13022 |  12847 |    175 |   8704 |   3135 |   8 | 1627.8 |
       Dungeon |  12850 |  12675 |    175 |   8704 |   2998 |   7 | 1835.7 |
         Sewer |    172 |    172 |      0 |      0 |    137 |   1 |  172.0 |
               +--------+--------+--------+--------+--------+-----+--------+

Top non-repeatable levels by time:
     D:1: 8966 daAuts
     D:4: 1051 daAuts
     D:5: 1027 daAuts
     D:2: 832 daAuts
     D:3: 747 daAuts
   Sewer: 172 daAuts
     D:6: 154 daAuts
     D:7: 70 daAuts
